 Dungeon Crawl Stone Soup version 0.31.0-32-g396128a36d (webtiles) character file.

Game seed: 3001323299441111260

224241 TacoSundae the Tortoise (level 18, -1/161 HPs)
             Began as an Armataur Fighter on Apr 14, 2024.
             Was the Champion of Okawaru.
             Slain by Mennas
             ... wielding a +3 trishula of holy wrath
              (23 damage)
             ... on level 2 of the Vaults.
             The game lasted 02:13:02 (30742 turns).

TacoSundae the Tortoise (Armataur Fighter)         Turns: 30742, Time: 02:13:03

Health: -1/161     AC: 39    Str: 28    XL:     18   Next: 58%
Magic:  25/25      EV: 13    Int:  9    God:    Okawaru [******]
Gold:   2041       SH: 15    Dex: 16    Spells: 17/17 levels left

rFire   + + .        a - +0 eveningstar (protect)
rCold   + + .        c - +0 buckler
rNeg    . . .        U - +3 chain mail {rPois}
rPois   +            e - +1 helmet
rElec   +            y - scarf of the Dragon {repulsion, -Cast rC++ Regen+}
rCorr   .            M - +0 pair of gloves {Dex+3}
SInv    .            m - +0 barding of Bamnil {rElec rF++ Regen+ Dex-2}
Will    ++...        l - amulet of Heidoom {Reflect Dex+4 SH+5} Stlth
                     o - ring of willpower
HPRegen 2.06/turn    R - +5 ring of evasion
MPRegen 0.19/turn

%: no spellcasting, repel missiles, reflection, roll
@: mighty, heroic, finesse-ful, under a protective aura, glowing, silenced
A: large, deformed body, tough skin 3, armoured tail, roll 2
}: 1/15 runes: barnacled
a: Renounce Religion


You were on level 2 of the Vaults.
You worshipped Okawaru.
Okawaru was exalted by your worship.
You visited 7 branches of the dungeon, and saw 30 of its levels.

You collected 3556 gold pieces.
You spent 1515 gold pieces at shops.

Inventory:

Hand Weapons
 a - a +0 eveningstar of protection (weapon)
Missiles
 n - 70 poisoned darts
 u - 5 throwing nets (quivered)
Armour
 b - the +6 lightning scales {swift, rElec}
   (Okawaru gifted it to you on level 5 of the Lair of Beasts)

   Swift:     It allows the wearer to cover ground more swiftly.
   rElec:     It insulates you from electricity.
 c - a +0 buckler (worn)
 e - a +1 helmet (worn)
 m - the +0 barding of Bamnil (worn) {rElec rF++ Regen+ Dex-2}
   (You acquired it on level 7 of the Dungeon)

   Dex-2:     It affects your dexterity (-2).
   rF++:      It greatly protects you from fire.
   rElec:     It insulates you from electricity.
   Regen+:    It increases your rate of health regeneration.
 y - the scarf of the Dragon (worn) {repulsion, -Cast rC++ Regen+}
   (You found it on level 13 of the Dungeon)

   rC++:      It greatly protects you from cold.
   -Cast:     It prevents spellcasting.
   Regen+:    It increases your rate of health regeneration.
 M - a +0 pair of gloves of dexterity (worn)
 U - a +3 chain mail of poison resistance (worn)
Jewellery
 j - a ring of resist corrosion
 l - the amulet of Heidoom (around neck) {Reflect Dex+4 SH+5}
   (You found it on level 2 of the Dungeon)

   [amulet of reflection]

   Reflect:   It reflects blocked missile attacks.
   Dex+4:     It affects your dexterity (+4).
   SH+5:      It affects your SH (+5).
 o - a ring of willpower (left hand)
 E - a ring of flight
 R - a +5 ring of evasion (right hand)
Wands
 A - a wand of paralysis (21)
 B - a wand of polymorph (12)
 G - a wand of flame (21)
 J - a wand of digging (15)
 K - a wand of mindburst (20)
 O - a wand of acid (11)
 Q - a wand of roots (23)
Scrolls
 d - 2 scrolls of noise
 k - 10 scrolls of revelation
 s - 9 scrolls of enchant armour
 t - 11 scrolls of teleportation
 z - 6 scrolls of poison
 C - 2 scrolls of enchant weapon
 D - 9 scrolls of identify
 H - 5 scrolls of fog
 S - a scroll of silence
Potions
 f - 2 potions of invisibility
 g - 5 potions of enlightenment
 h - 3 potions of lignification
 i - 3 potions of mutation
 p - a potion of might
 q - 3 potions of magic
 v - a potion of haste
 w - 10 potions of curing
 x - 2 potions of attraction
 I - a potion of ambrosia
 L - a potion of berserk rage
 N - a potion of cancellation
Miscellaneous
 T - a phial of floods


   Skills:
 + Level 14.7(19.7) Fighting
 + Level 18.1(23.1) Maces & Flails
 + Level 18.7(23.7) Armour
 + Level 17.3(22.3) Shields
 - Level 10.5 Invocations


You had 17 spell levels left.
You didn't know any spells.
Your spell library contained the following spells:

 Spells                   Type           Power      Damage    Failure   Level
 Kiss of Death            Conj/Necr      0%         2d5       65%         1
 Magic Dart               Conj           0%         1d3       65%         1
 Necrotise                Necr           0%         1d4       65%         1
 Cigotuvi's Dreadful Rot  Necr/Alch/Air  0%         N/A       80%         2
 Ensorcelled Hibernation  Hex/Ice        0%         N/A       80%         2
 Lesser Beckoning         Tloc           0%         N/A       80%         2
 Searing Ray              Conj           0%         2d4       80%         2
 Static Discharge         Conj/Air       0%         3-3/arc   80%         2
 Sublimation of Blood     Necr           0%         N/A       80%         2
 Confusing Touch          Hex            0%         N/A       95%         3
 Dazzling Flash           Conj/Hex       0%         N/A       95%         3
 Fugue of the Fallen      Necr           0%         N/A       95%         3
 Gell's Gravitas          Tloc           0%         N/A       95%         3
 Hailstorm                Conj/Ice       0%         3d5       95%         3
 Mephitic Cloud           Conj/Alch/Air  0%         N/A       95%         3
 Ozocubu's Armour         Ice            0%         N/A       95%         3
 Passwall                 Erth           0%         N/A       95%         3
 Swiftness                Air            0%         N/A       95%         3
 Teleport Other           Tloc           0%         N/A       95%         3
 Vampiric Draining        Necr           0%         2d6       95%         3
 Airstrike                Air            0%         2d(0-16)  100%        4
 Brom's Barrelling Bould  Conj/Erth      0%         2d3       100%        4
 Dispel Undead            Necr           0%         3d6       100%        4
 Fulminant Prism          Conj/Alch      0%         3d5       100%        4
 Manifold Assault         Tloc           0%         N/A       100%        4
 Curse of Agony           Necr           0%         N/A       100%        5
 Fireball                 Conj/Fire      0%         3d3       100%        5
 Iskenderun's Battlesphe  Conj           0%         2d6       100%        5
 Silence                  Hex/Air        0%         N/A       100%        5
 Bombard                  Conj/Erth      0%         9d1       100%        6
 Conjure Ball Lightning   Conj/Air       0%         3x3d6     100%        6
 Dispersal                Tloc           0%         N/A       100%        6
 Starburst                Conj/Fire      0%         6d3       100%        6
 Orb of Destruction       Conj           0%         9d5       100%        7
 Disjunction              Tloc           0%         N/A       100%        8
 Maxwell's Capacitive Co  Air            0%         ∞         100%        8
 Martyr's Knell           Necr/Summ      Unusable   N/A       N/A         4
 Summon Lightning Spire   Summ/Air       Unusable   N/A       N/A         4
 Spellforged Servitor     Conj/Summ      Unusable   N/A       N/A         7

Dungeon Overview and Level Annotations

Branches:
Dungeon (15/15)            Temple (1/1) D:7            Lair (5/5) D:9
 Shoals (4/4) Lair:2       Spider (0/4) Lair:2        Slime (0/5) Lair:4
    Orc (2/2) D:11            Elf (0/3) Orc:2        Vaults (2/5) D:13
 Depths (1/4) D:15
  Crypt: Vaults:2-3

Altars:
Ashenzari
Cheibriados
Dithmenos
Elyvilon
Fedhas
Gozag
Hepliaklqana
Kikubaaqudgha
Makhleb
Nemelex Xobeh
Okawaru
Qazlal
Ru
Sif Muna
Trog
Uskayaw
Vehumet
Wu Jian
Xom
Yredelemnul
Zin
The Shining One
Jiyva

Shops:
D:3 [   D:6 (:?[   D:9 *   Orc:2 [:?[   Shoals:1 ([[:   Shoals:2 *[*(
Shoals:3 [   Shoals:4 ?   Depths:1 (

Portals:
Hell: Depths:1
Abyss: D:8 Depths:1
Pandemonium: Depths:1

Annotations:
D:8 2 transporters, middlethird's ghost, novice VSIE
Lair:2 1 runed translucent door, jimmypageman's ghost, journeyman MiFi
Lair:3 2 transporters, imdaedric's ghost, journeyman DECj
Lair:4 1 runed translucent door
Shoals:2 1 runed translucent door
Vaults:2 Mennas


Innate Abilities, Weirdness & Mutations

Armour fits poorly on your strangely shaped body.
You have extremely tough skin. (AC +3)
You have a long armoured tail.
You regenerate magic and health when rolling toward enemies. (Rampage Regen)


Message History

Mennas hits you but does no damage.
Mennas hits you with a +3 trishula of holy wrath!
* * * LOW HITPOINT WARNING * * *
You bludgeon the boulder beetle!!
The boulder beetle is almost dead.
The boulder beetle closely misses you.
You sock the boulder beetle!
You kill the boulder beetle!
Okawaru accepts your kill. You block Mennas's attack.
Mennas hits you but does no damage. Mennas blocks your attack.
Mennas is heavily wounded.
You block Mennas's attack. Mennas hits you but does no damage.
Mennas blocks your attack.
Your tail-slap misses Mennas.
Mennas is heavily wounded.
You barely miss Mennas.
Your tail-slap misses Mennas.
Mennas is heavily wounded.
Mennas hits you with a +3 trishula of holy wrath.
* * * LOW HITPOINT WARNING * * *
Mennas hits you but does no damage.
You closely miss Mennas.
Mennas is heavily wounded.
Mennas blocks your attack.
Your tail-slap misses Mennas.
Mennas is heavily wounded.
Mennas hits you but does no damage.
Mennas hits you with a +3 trishula of holy wrath!
* * * LOW HITPOINT WARNING * * *
Mennas blocks your attack.
Your tail-slap misses Mennas.
Mennas is heavily wounded.
You puncture Mennas!
Your tail-slap misses Mennas.
Mennas is severely wounded.
Mennas hits you with a +3 trishula of holy wrath!
* * * LOW HITPOINT WARNING * * *
You block Mennas's attack. Mennas blocks your attack.
Your tail-slap misses Mennas.
Mennas is heavily wounded.
Mennas blocks your attack.
Your tail-slap misses Mennas.
Mennas is heavily wounded.
Mennas hits you with a +3 trishula of holy wrath!!
You die...

... ........#...##
....... #.......#...#
.......####'#######...#
......................#
......................##
.......................)
.......................)
........................
......A@.......>........
.......†.........(......
.......)................
........................
........###....##'######
.......## #....#.......#
......# #....#.......#
.....# #....#.......#
...# #.....#.......#


You could see Mennas (silencing).

Vanquished Creatures
  Mlioglotl (Shoals:4)
  2 liches (Depths:1)
  2 krakens
  2 tengu reavers
  Ilsuiw (Shoals:2)
  2 fire giants (Depths:1)
  An iron dragon (Depths:1)
  6 vault wardens
  A frost giant (D:15)
  6 ironbound preservers
  3 stone giants
  4 ironbound thunderhulks
  5 very ugly things
  4 dire elephants (Vaults:2)
  8 merfolk impalers
  8 merfolk javelineers
  An entropy weaver (Vaults:1)
  2 fire dragons (Depths:1)
  An entropy weaver (shapeshifter) (D:12)
  A hell beast (Depths:1)
  3 vault guards
  4 ice dragons
  5 yaktaur captains
  6 hydras
  A great orb of eyes (Vaults:1)
  4 merfolk avatars
  A salamander tyrant (Depths:1)
  A catoblepas (D:13)
  15 centaur warriors
  An ogre mage (D:15)
  A satyr (Shoals:4)
  4 merfolk aquamancers
  10 two-headed ogres
  6 ironbound frosthearts
  3 death yaks (D:9)
  An alligator snapping turtle (Shoals:4)
  9 boulder beetles
  4 tengu warriors
  A vampire mage (Depths:1)
  An occultist (Depths:1)
  3 deep troll earth magi (Depths:1)
  An orc high priest (Orc:2)
  A soul eater (D:15)
  3 skysharks
  A sixfirhy (D:15)
  A spectral spark wasp (Depths:1)
  6 iron trolls (Depths:1)
  4 skeletal warriors (D:15)
  A glowing orange brain (Depths:1)
  13 sea snakes
  13 deep trolls
  7 ironbound convokers
  2 arcanists
  2 orc knights
  Pikel (D:5)
  7 lindwurms
  17 harpies
  13 manticores
  A wolf spider (Lair:5)
  A deep elf pyromancer (D:13)
  15 fauns
  An orc sorcerer (Orc:1)
  A shining eye (shapeshifter) (Vaults:1)
  23 ugly things
  5 cyclopes
  A meliai (D:13)
  3 kobold blastminers (Orc:2)
  7 black mambas
  6 vault sentinels
  12 elephants
  A guardian serpent (Lair:5)
  A gargoyle (D:12)
  14 merfolk sirens
  5 torpor snails (Lair:5)
  2 orange demons (D:15)
  16 cane toads
  3 water nymphs
  An unseen horror (D:11)
  A freezing wraith (Depths:1)
  2 kobold demonologists
  12 komodo dragons
  12 yaktaurs
  2 tengu conjurers
  An efreet (D:13)
  A polar bear (Lair:5)
  31 merfolk
  4 trolls
  4 wind drakes
  11 hornets
  3 tyrant leeches (Lair:5)
  29 blink frogs
  18 snapping turtles
  7 dream sheep
  A human simulacrum (Vaults:2)
  20 slime creatures
  2 shadows
  A centaur simulacrum (D:13)
  2 vampires
  11 water elementals
  6 wraiths
  A yak (shapeshifter) (D:15)
  17 yaks
  15 wyverns
  3 basilisks
  3 wargs (Orc:2)
  6 redbacks
  7 vampire mosquitoes
  A chaos spawn (D:15)
  Menkaure (D:5)
  2 acid dragons
  16 water moccasins
  27 orc warriors
  4 ice beasts
  4 sky beasts
  A black bear (D:6)
  2 boggarts (Vaults:1)
  11 centaurs
  8 ogres
  13 wolves
  A phantom (D:5)
  5 kobold brigands
  13 bullfrogs
  A gnoll sergeant (D:9)
  3 scorpions
  7 wights
  4 killer bees
  A crimson imp (D:10)
  A howler monkey (D:13)
  6 orc priests
  A jelly (D:6)
  2 bombardier beetles
  4 hounds
  5 iguanas
  A gnoll bouda (D:10)
  8 orc wizards
  A hell rat (D:9)
  12 gnolls
  6 adders
  A river rat (D:9)
  A shadow imp (D:8)
  3 white imps
  2 ufetubi (D:3)
  4 ribbon worms
  2 dart slugs
  42 orcs
  7 ball pythons
  5 bats
  14 endoplasms
  3 giant cockroaches
  9 goblins
  9 hobgoblins
  7 jackals
  2 quokkas
  4 frilled lizards
  27 kobolds
  8 rats
  6 tentacles
918 creatures vanquished.

Vanquished Creatures (others)
  A merfolk (Shoals:4)
  A quokka (D:7)
  68 tentacles
70 creatures vanquished.

Grand Total: 988 creatures vanquished

Notes
Turn   | Place    | Note
-------+----------+-------------------------------------------
     0 | D:1      | TacoSundae the Armataur Fighter began the quest for the
                  | Orb.
     0 | D:1      | Reached XP level 1. HP: 18/18 MP: 1/1
   100 | D:1      | Reached XP level 2. HP: 25/25 MP: 2/2
   120 | D:1      | Found a faded altar of an unknown god.
   353 | D:1      | Reached XP level 3. HP: 30/30 MP: 3/3
   763 | D:2      | You fall into a shaft and drop 2 floors!
   892 | D:4      | Reached XP level 4. HP: 36/37 MP: 4/4
  1025 | D:3      | Noticed an ogre
  1170 | D:2      | Identified the amulet of Heidoom {Reflect Dex+4 SH+5}
  1239 | D:2      | Reached XP level 5. HP: 42/42 MP: 5/5
  1505 | D:3      | Killed an ogre
  1506 | D:3      | Reached skill level 5 in Maces & Flails
  1700 | D:3      | Reached XP level 6. HP: 19/50 MP: 6/6
  1875 | D:3      | Found Ihoxez's Antique Armour Shoppe.
  1880 | D:3      | Bought a pair of embroidered gloves for 180 gold pieces
  2198 | D:3      | Noticed a sky beast
  2209 | D:3      | Killed a sky beast
  2320 | D:3      | Found a broken altar of Ashenzari.
  2545 | D:4      | Found a sacrificial altar of Ru.
  2886 | D:5      | Entered Level 5 of the Dungeon
  2920 | D:5      | Noticed Menkaure
  2936 | D:5      | Killed Menkaure
  2937 | D:5      | Gained mutation: You regenerate magic and health when
                  | rolling toward enemies. (Rampage Regen) [Armataur growth]
  2937 | D:5      | Reached XP level 7. HP: 29/56 MP: 7/7
  3093 | D:5      | Noticed Pikel
  3114 | D:5      | Killed Pikel
  3115 | D:5      | Reached XP level 8. HP: 52/62 MP: 8/8
  3180 | D:5      | Found an opulent altar of Gozag.
  3441 | D:5      | Reached skill level 10 in Maces & Flails
  3663 | D:6      | Identified the +1 leather armour of the New World {+Inv
                  | rPois Int-4}
  3714 | D:6      | Found Duwis's Weapon Boutique.
  3857 | D:6      | Found Leefywic's Magic Scroll Boutique.
  3865 | D:6      | Bought a scroll of identify for 26 gold pieces
  3882 | D:6      | Reached XP level 9. HP: 66/70 MP: 9/9
  3984 | D:6      | Found Ginus's Book Emporium.
  3991 | D:6      | Identified the staff "Gakotosi" {rF+ SInv Fire}
  4051 | D:6      | Found Mocankes's Antique Armour Shop.
  4127 | D:6      | Reached skill level 5 in Armour
  4272 | D:7      | Found a white marble altar of Elyvilon.
  4549 | D:7      | Found a staircase to the Ecumenical Temple.
  4562 | Temple   | Entered the Ecumenical Temple
  4574 | Temple   | Became a worshipper of Warmaster Okawaru
  4648 | D:7      | Identified a scroll of acquirement
  4648 | D:7      | Acquired the +0 barding of Bamnil {rElec rF++ Regen+ Dex-2}
  4841 | D:7      | Reached skill level 5 in Shields
  4890 | D:7      | Found a glowing golden altar of the Shining One.
  5259 | D:8      | Found a transporter.
  5266 | D:8      | Noticed a toenail golem
  5266 | D:8      | Noticed an ancient zyme
  5424 | D:8      | Found a transporter.
  5425 | D:8      | Found a one-way gate to the infinite horrors of the Abyss.
  5425 | D:8      | Noticed middlethird's ghost (novice VSIE)
  5645 | D:8      | Noticed a two-headed ogre
  5662 | D:8      | Killed a two-headed ogre
  5662 | D:8      | Reached * piety under Okawaru
  5663 | D:8      | Reached skill level 5 in Fighting
  5752 | D:8      | Reached XP level 10. HP: 81/81 MP: 10/10
  5763 | D:8      | Reached skill level 1 in Invocations
  5882 | D:8      | Reached skill level 5 in Invocations
  5882 | D:8      | Reached XP level 11. HP: 92/92 MP: 10/14
  5986 | D:9      | Noticed a two-headed ogre
  6003 | D:9      | Killed a two-headed ogre
  6055 | D:9      | Noticed a two-headed ogre
  6122 | D:9      | Found Bimat's Lightly-Used Armoury.
  6150 | D:9      | Found a bloodstained altar of Trog.
  6217 | D:9      | Killed a two-headed ogre
  6217 | D:9      | Reached ** piety under Okawaru
  6602 | D:9      | Found a staircase to the Lair.
  6602 | D:9      | Noticed a death yak
  6602 | D:9      | Noticed a death yak
  6626 | D:9      | Noticed a death yak
  6657 | D:9      | Killed a death yak
  6682 | D:9      | Killed a death yak
  6694 | D:9      | Killed a death yak
  6949 | D:10     | Entered Level 10 of the Dungeon
  6995 | D:9      | Reached *** piety under Okawaru
  7097 | D:10     | Noticed a boulder beetle
  7131 | D:10     | Killed a boulder beetle
  7132 | D:10     | Reached skill level 10 in Armour
  7665 | D:10     | Found a radiant altar of Vehumet.
  7707 | D:10     | Noticed an arcanist
  8017 | D:10     | Killed an arcanist
  8079 | D:11     | Found a staircase to the Orcish Mines.
  8136 | D:11     | Noticed a two-headed ogre
  8146 | D:11     | Killed a two-headed ogre
  8227 | D:11     | Reached **** piety under Okawaru
  8233 | D:11     | Noticed a two-headed ogre
  8245 | D:11     | Killed a two-headed ogre
  8246 | D:11     | Reached XP level 12. HP: 59/101 MP: 16/16
  8251 | D:11     | Noticed a two-headed ogre
  8273 | D:11     | Killed a two-headed ogre
  8332 | D:11     | Noticed a boulder beetle
  8371 | D:11     | Killed a boulder beetle
  8502 | D:11     | Found a hazy altar of Hepliaklqana.
  8858 | Lair:1   | Entered Level 1 of the Lair of Beasts
  9061 | Lair:1   | Reached skill level 10 in Shields
  9191 | Lair:1   | Reached ***** piety under Okawaru
  9894 | Lair:2   | Received a gift from Okawaru
 10001 | Lair:2   | Found a runed translucent door.
 10003 | Lair:2   | Noticed jimmypageman's ghost (journeyman MiFi)
 10005 | Lair:2   | Identified the +6 spear of the Uplifting Hawk {freeze,
                  | Int+3}
 10011 | Lair:2   | Found a staircase to the Shoals.
 10259 | Lair:2   | Found a hole to the Spider Nest.
 11151 | Lair:3   | Reached XP level 13. HP: 78/111 MP: 19/19
 11159 | Lair:3   | Noticed imdaedric's ghost (journeyman DECj)
 11380 | Lair:2   | Received a gift from Okawaru
 11450 | Lair:3   | Paralysed by a hornet for 1 turns
 11577 | Lair:3   | Found a transporter.
 11578 | Lair:3   | Found a transporter.
 11867 | Lair:3   | Identified the +6 rapier of Wu Jian's Approval {vamp, rPois
                  | rF+ Str-2 Int+2}
 12725 | Lair:4   | Received a gift from Okawaru
 13068 | Lair:4   | Found an ornate altar of the Wu Jian Council.
 13068 | Lair:4   | Found a hide-covered altar of Uskayaw.
 13220 | Lair:4   | Found a runed translucent door.
 13220 | Lair:4   | Found a viscous altar of Jiyva.
 13221 | Lair:4   | Found a staircase to the Slime Pits.
 13221 | Lair:4   | Noticed an acid blob
 13379 | Lair:5   | Entered Level 5 of the Lair of Beasts
 13541 | Lair:5   | Reached skill level 10 in Fighting
 13602 | Lair:5   | Received a gift from Okawaru
 13745 | Lair:5   | Reached ****** piety under Okawaru
 13770 | Lair:5   | Reached XP level 14. HP: 84/121 MP: 21/21
 13772 | Lair:5   | Acquired a +0 eveningstar of protection
 13772 | Lair:5   | Received a gift from Okawaru
 13890 | Lair:5   | Received a gift from Okawaru
 13910 | Lair:5   | Acquired the +6 lightning scales {swift, rElec}
 13910 | Lair:5   | Received a gift from Okawaru
 13910 | Lair:5   | Found the +6 lightning scales {swift, rElec}
 15005 | Lair:5   | Paralysed by a hornet for 2 turns
 15023 | Lair:5   | Reached skill level 10 in Invocations
 15757 | D:12     | Received a gift from Okawaru
 16539 | D:13     | Received a gift from Okawaru
 16658 | D:13     | Found a gate to the Vaults.
 17071 | D:13     | Received a gift from Okawaru
 17127 | D:13     | Reached XP level 15. HP: 53/130 MP: 22/22
 17254 | D:13     | Identified the scarf of the Dragon {repulsion, -Cast rC++
                  | Regen+}
 17549 | D:13     | Found a sparkling altar of Nemelex Xobeh.
 17793 | Orc:1    | Entered Level 1 of the Orcish Mines
 17910 | Orc:2    | Entered Level 2 of the Orcish Mines
 18113 | Orc:2    | Received a gift from Okawaru
 18721 | Orc:2    | Found Katim's Magic Scroll Shoppe.
 18721 | Orc:2    | Found Gieranu's Book Shop.
 18724 | Orc:2    | Found Lurheut's Armour Boutique.
 18726 | Orc:2    | Found Hadoh's Armour Emporium.
 18732 | Orc:2    | Bought a scroll of revelation for 105 gold pieces
 18733 | Orc:2    | Bought a scroll of teleportation for 42 gold pieces
 18733 | Orc:2    | Bought a scroll of teleportation for 42 gold pieces
 18733 | Orc:2    | Bought a scroll of teleportation for 42 gold pieces
 18860 | Orc:2    | Found a staircase to the Elven Halls.
 19781 | Orc:2    | Bought a +3 chain mail of poison resistance for 399 gold
                  | pieces
 20128 | D:14     | Received a gift from Okawaru
 20324 | D:15     | Entered Level 15 of the Dungeon
 20485 | D:15     | Found a shadowy altar of Dithmenos.
 20679 | D:15     | Reached skill level 15 in Armour
 20701 | D:15     | Found a staircase to the Depths.
 20772 | D:15     | Received a gift from Okawaru
 20778 | D:15     | Found a gate leading to a gauntlet.
 21155 | D:15     | Reached skill level 15 in Maces & Flails
 21561 | Shoals:1 | Entered Level 1 of the Shoals
 21561 | Shoals:1 | Found Kuah's Weapon Shop.
 21756 | Shoals:1 | Found Irchiwufa's Antique Armour Emporium.
 21764 | Shoals:1 | Bought a pair of glowing gloves for 285 gold pieces
 21804 | Shoals:1 | Received a gift from Okawaru
 21930 | Shoals:1 | Found Withu's Antique Armour Emporium.
 22266 | Shoals:1 | Found Foadirr's Book Shop.
 22606 | Shoals:2 | Reached XP level 16. HP: 128/139 MP: 23/23
 22721 | Shoals:2 | Found a runed translucent door.
 22839 | Shoals:2 | Noticed Ilsuiw
 22862 | Shoals:2 | Received a gift from Okawaru
 22895 | Shoals:2 | HP: 3/140 [water elemental[Ilsuiw] (9)]
 22932 | Shoals:2 | Killed Ilsuiw
 23195 | Shoals:2 | Noticed a kraken
 23374 | Shoals:2 | Killed a kraken
 23455 | Shoals:2 | Found Ofaheuze's Merfolk Armours.
 23456 | Shoals:2 | Found Ofaheuze's Visitors' Centre.
 23460 | Shoals:2 | Found Ofaheuze's Merfolk Weapons.
 23460 | Shoals:2 | Found Ofaheuze's Merfolk Magic.
 23650 | Shoals:3 | Found Qucwogaj's Antique Armour Boutique.
 23686 | Shoals:3 | Bought an encrusted helmet for 361 gold pieces
 23686 | Shoals:3 | Identified the +2 helmet of Restlessness {*Slow +Inv rElec}
                  | (You bought it in a shop on level 3 of the Shoals)
 24259 | Shoals:3 | Noticed a kraken
 24372 | Shoals:3 | Killed a kraken
 24679 | Shoals:4 | Entered Level 4 of the Shoals
 24717 | Shoals:4 | Received a gift from Okawaru
 24923 | Shoals:4 | Reached skill level 15 in Shields
 25057 | Shoals:4 | Got Qifuad's Omnibus of Mortification and Thunder
 25205 | Shoals:4 | Got the Teachings on Chilled Impulse
 25231 | Shoals:4 | Noticed Mlioglotl
 25246 | Shoals:4 | Killed Mlioglotl
 25265 | Shoals:4 | Received a gift from Okawaru
 25391 | Shoals:4 | Got a barnacled rune of Zot
 25547 | Shoals:4 | Reached XP level 17. HP: 149/149 MP: 24/24
 25708 | Shoals:4 | Received a gift from Okawaru
 25730 | Shoals:4 | Found Eroo's Magic Scroll Shoppe.
 25773 | Shoals:4 | Bought a scroll of teleportation for 33 gold pieces
 26448 | Depths:1 | Entered Level 1 of the Depths
 27034 | Depths:1 | Found a gateway to Hell.
 27089 | Depths:1 | Noticed a lich
 27098 | Depths:1 | Killed a lich
 27130 | Depths:1 | Received a gift from Okawaru
 27353 | Depths:1 | Found an iron altar of Okawaru.
 27387 | Depths:1 | Found a one-way gate leading to the halls of Pandemonium.
 27425 | Depths:1 | Noticed a sphinx
 27489 | Depths:1 | Noticed a lich
 27497 | Depths:1 | Killed a lich
 27570 | Depths:1 | Received a gift from Okawaru
 28066 | Depths:1 | Found Qeess's Weapon Boutique.
 28375 | Vaults:1 | Entered Level 1 of the Vaults
 28465 | Vaults:1 | Received a gift from Okawaru
 28796 | Vaults:1 | Reached XP level 18. HP: 160/160 MP: 25/25
 28918 | Vaults:1 | Received a gift from Okawaru
 29767 | Vaults:1 | Received a gift from Okawaru
 30639 | Vaults:2 | Received a gift from Okawaru
 30663 | Vaults:2 | Noticed Mennas
 30742 | Vaults:2 | Slain by Mennas

Illustrated notes

Levels and vault maps discovered:
D:1:      lemuel_arrival_cross, layout_rooms,
          shapermc_ecumenical_altar_mp_highgroup, nicolae_eternal_life,
          st_stairs_13, minmay_hexomino_p4
D:2:      layout_basic
D:3:      layout_basic, mainiacjoe_overflow_six_doors_small, serial_shops,
          nicolae_shop_rolling_square
D:4:      layout_cave_pools, hangedman_ru_absence, portal_sewer_entry_a,
          kennysheep_nondescript
D:5:      layout_basic, lemuel_crystal_altar, uniq_pikel, uniq_menkaure
D:6:      layout_cave_pools, serial_shops, shop,
          nicolae_shop_tiny_real_fake_doors, nicolae_diamond_shop,
          nicolae_shop_stone
D:7:      layout_basic, tso_altar, elyvilon_altar_4, minmay_temple_entry_slanted
D:8:      layout_basic, gammafunk_ghost_abyssal_escape
D:9:      layout_roguey, trog_three_pillars_becter, dpeg_lair_monsters,
          minmay_shop_damaged
D:10:     layout_stronghold, mainiacjoe_overflow_small_starburst,
          lightli_wizard_tower
D:11:     layout_basic, orc_0_dummy, nzn_hepliaklqana_mist_gate
D:12:     layout_small_grid
D:13:     minmay_the_grid_triangle_9x9_line_8_mashed
          [minmay_the_grid_triangle_9x9_zippers_horizontal,
          minmay_the_grid_triangle_9x9_limited_checkers,
          minmay_the_grid_triangle_9x9_sparse_checkered,
          minmay_the_grid_triangle_9x9_wacky_v,
          minmay_the_grid_triangle_9x9_cache,
          minmay_the_grid_triangle_9x9_empty,
          minmay_the_grid_triangle_9x9_checkered,
          minmay_the_grid_triangle_9x9_prize_top_heavy], layout_loops_ring,
          david_vaults_5, nemelex_spade_bored_becter
D:14:     layout_irregular_city, skrybe_limestone_x, chequers_garden
D:15:     grunt_enter_depths_giant_problem, layout_basic,
          nicolae_dithmenos_shadow_blocks, gauntlet_entry_generic,
          serial_demonic, serial_demonic_g, serial_demonic_b, serial_demonic_e,
          serial_demonic_g, serial_library_hellmonk_room_a, grunt_ministairs_4
Temple:   eino_wide_crystal_templ
Lair:1:   layout_gridlike
Lair:2:   layout_chaotic_city, nicolae_shoals_entry_roost,
          spider_nest_entry_web_field, ebering_ghost_funeral_grove
Lair:3:   layout_chaotic_city, nicolae_volcano_entry_s_turn,
          gammafunk_ghost_hive
Lair:4:   layout_cave_pods, slime_entry_2, grunt_forest_stairs_basic,
          nzn_masters_of_martial_movement
Lair:5:   wormcave, layout_cave_shapes, hangedman_lair_tendril_chambers,
          chequers_serial_rivers_large_b
Shoals:1: layout_shoals, serial_shops, nicolae_square_shop, nicolae_shop_stone,
          nicolae_shop_peninsula, shop
Shoals:2: nicolae_shoals_mermall, layout_shoals, lightli_airlock, uniq_ilsuiw
Shoals:3: layout_shoals, serial_shops, shop
Shoals:4: shoals_end_simple, layout_shoals, serial_shops, shop, uniq_mlioglotl
Orc:1:    layout_caves
Orc:2:    st_orc_rangers, layout_caves
Vaults:1: nicolae_vaults_storage_closets_3, nicolae_vaults_diamond_2,
          hangedman_vaults_slither, nicolae_vaults_trapezoid_lopsided_2,
          vaults_dpeg_ring, st_smaller_cells,
          nicolae_vaults_trapezoid_lopsided_2, nicolae_vaults_closet_pinwheel_4,
          v_misc_16, vaults_dpeg_cross, nicolae_vaults_yaktaur_gun_rack,
          v_alt_pattern_1, layout_vaults_maze_bifur
Vaults:2: nicolae_vaults_lightning_bolt, nicolae_vaults_security_offices_4,
          v_misc_24, hangedman_vaults_snaps, nicolae_vaults_six-pack,
          nicolae_vaults_network_barrier, nicolae_vaults_tetromino_Z_2,
          vaults_mumra_chevron, vaults_room_stairs_pillars, v_misc_25,
          layout_vaults_chaotic_city, serial_shops, nicolae_shop_drivethru,
          uniq_mennas
Depths:1: layout_gridville, grunt_mini_vestibule, abyss_entry, pan_entry,
          serial_shops, shop, minmay_misc_feat_plants,
          hellmonk_okawaru_the_only_friend_you_need

Skill      XL: |  1  2  3  4  5  6  7  8  9 10 11 12 13 14 15 16 17 18 |
---------------+-------------------------------------------------------+-----
Maces & Flails | 2 3 4 5 7 9 10 11 12 13 14 15 16 17 18 | 18.1
Fighting       | 3 5 7 8 9 10 11 12 13 14 | 14.7
Armour         | 4 6 9 10 11 13 14 15 16 18 | 18.7
Shields        | 4 6 8 9 10 12 13 14 15 16 17 | 17.3
Invocations    | 5 6 8 9 10 | 10.5

Action                     |  1- 3 |  4- 6 |  7- 9 | 10-12 | 13-15 | 16-18 || total
---------------------------+-------+-------+-------+-------+-------+-------++-------
  Melee: Flail             |    90 |   169 |    26 |       |       |       ||   285
         Tailslap          |    10 |    17 |    54 |   132 |   381 |   432 ||  1026
         Whip              |       |       |   282 |   248 |       |       ||   530
         Morningstar       |       |       |       |   454 |   495 |       ||   949
         Eveningstar       |       |       |       |       |  1398 |  1938 ||  3336
  Throw: Dart              |       |       |       |     8 |       |       ||     8
         Throwing net      |       |       |       |     3 |       |       ||     3
 Invoke: Heroism           |       |       |       |     2 |     6 |     8 ||    16
         Finesse           |       |       |       |       |     2 |     4 ||     6
         Receive Weapon    |       |       |       |       |     1 |       ||     1
         Receive Armour    |       |       |       |       |     1 |       ||     1
  Evoke: Wand              |       |       |     1 |     1 |       |       ||     2
    Use: Potion            |       |     1 |       |     1 |     4 |     9 ||    15
         Scroll            |       |       |    16 |     7 |     9 |     2 ||    34
   Stab: Paralysed         |       |       |     6 |     3 |       |       ||     9
         Held in net/web   |       |       |       |     1 |       |       ||     1
         Distracted        |       |       |       |       |     1 |       ||     1
         Petrified         |       |       |       |       |     1 |       ||     1
 Armour: Scale mail        |    68 |   108 |   124 |   469 |  1349 |       ||  2118
         Chain mail        |       |       |       |       |   324 |  1710 ||  2034
  Dodge: Dodged            |    33 |    58 |    32 |    93 |   463 |   665 ||  1344
         Repelled          |       |       |       |       |       |     9 ||     9
  Block: Buckler           |    15 |    79 |    97 |   307 |  1181 |  1168 ||  2847
         Reflection        |       |     4 |     4 |     3 |    83 |    60 ||   154
